 Dungeon Crawl Stone Soup version 0.27-a0-1119-gbf574a6a6b (webtiles) character file.

Game seed: 8503633890419807973

22 experimilk the Vexing (level 2, -3/16 HPs)
             Began as a Deep Elf Arcane Marksman on May 2, 2021.
             Slain by a bullfrog skeleton (4 damage)
             ... on level 2 of the Dungeon.
             The game lasted 00:08:40 (1501 turns).

experimilk the Vexing (Deep Elf Arcane Marksman)    Turns: 1501, Time: 00:08:41

Health: -3/16      AC:  3    Str:  7    XL:     2   Next: 68%
Magic:  6/7        EV: 12    Int: 17    God:
Gold:   48         SH:  0    Dex: 15    Spells: 2/5 levels left

rFire    . . .     SeeInvis .   a - +0 shortbow
rCold    . . .     Faith    .   (shield currently unavailable)
rNeg     . . .     Spirit   .   f - +0 leather armour
rPois    .         Reflect  .   (no helmet)
rElec    .         Harm     .   (no cloak)
rCorr    .         Rampage  .   (no gloves)
Will     .....                  (no boots)
Stlth    +.........             (no amulet)
HPRegen  0.05/turn              (no ring)
MPRegen  0.10/turn              (no ring)

@: no status effects
A: no striking features
a: no special abilities


You were on level 2 of the Dungeon.
You visited 1 branch of the dungeon, and saw 2 of its levels.

You collected 48 gold pieces.

Inventory:

Hand Weapons
 a - a +0 shortbow (weapon)
 b - a +0 dagger
Missiles
 d - 6 arrows (quivered ammo)
Armour
 e - a +0 robe
 f - a +0 leather armour (worn)


   Skills:
 + Level 1.1 Fighting
 * Level 3.4 Bows
 + Level 2.7 Dodging
 + Level 2.0 Spellcasting
 + Level 4.2 Hexes


You had 2 spell levels left.
You knew the following spells:

 Your Spells              Type           Power      Damage    Failure   Level
a - Corona                Hex            17%        N/A       4%          1
b - Slow                  Hex            16%        N/A       8%          2

Your spell library contained the following spells:

 Spells                   Type           Power      Damage    Failure   Level
 Inner Flame              Hex/Fire       9%         N/A       36%         3
 Portal Projectile        Hex/Tloc       18%        N/A       36%         3
 Cause Fear               Hex            8%         N/A       45%         4
 Leda's Liquefaction      Hex/Erth       4%         N/A       77%         4


Dungeon Overview and Level Annotations

Branches:
Dungeon (2/15)

Altars:

Shops:
D:1 [   D:2 [


Message History

Press: ? - help, Shift-Dir - straight line, f/p - bullfrog skeleton
Aim: a bullfrog skeleton (softly glowing, chance to affect: 67%)
The bullfrog skeleton seems to slow down.
Fire: 10 arrows
Press: ? - help, Q - select action, (/) - cycle Shift-Dir - straight line, f/p - bullfrog skeleton
Aim: a bullfrog skeleton (slow, softly glowing, 97% to hit)
You shoot an arrow. The arrow hits the bullfrog skeleton!
The bullfrog skeleton is moderately damaged.
The bullfrog skeleton misses you.
The bullfrog skeleton stops glowing.
Fire: 9 arrows
Press: ? - help, Q - select action, (/) - cycle Shift-Dir - straight line, f/p - bullfrog skeleton
Aim: a bullfrog skeleton (moderately damaged, slow, 78% to hit)
You shoot an arrow.
The arrow barely misses the bullfrog skeleton.
The bullfrog skeleton hits you.
Fire: 8 arrows
Press: ? - help, Q - select action, (/) - cycle Shift-Dir - straight line, f/p - bullfrog skeleton
Aim: a bullfrog skeleton (moderately damaged, slow, 78% to hit)
You shoot an arrow.
The arrow barely misses the bullfrog skeleton.
The bullfrog skeleton hits you!
Unknown command.
Fire: 7 arrows
Press: ? - help, Q - select action, (/) - cycle Shift-Dir - straight line, f/p - bullfrog skeleton
Aim: a bullfrog skeleton (moderately damaged, slow, 78% to hit)
You shoot an arrow.
The arrow hits the bullfrog skeleton but does no damage.
The bullfrog skeleton is moderately damaged.
The bullfrog skeleton barely misses you.
Things that are here:
an arrow; a hobgoblin corpse You see here an arrow.
The bullfrog skeleton hits you.
* * * LOW HITPOINT WARNING * * *
The bullfrog skeleton is no longer moving slowly.
The bullfrog skeleton hits you.
* * * LOW HITPOINT WARNING * * *
The bullfrog skeleton hits you.
You die...

#.................#
##...#...>...##.#
#...)..........# ..
########+##..<#.......#..#
....####.......(..∩#..........#.#
..................(###.#.#.#.##..
.....##.....(..(...(.....#.####..
.... #..(........####.....# ##?
... ##.......Z@.......### #. ..
#................. <. +
#...............### ###
#.(..............
#...............#
#................
..................
.#................


You could see a bullfrog skeleton.

Vanquished Creatures
  3 bats
  2 endoplasms (D:1)
  A giant cockroach (D:1)
  3 goblins
  3 hobgoblins
  A quokka (D:1)
  2 ball pythons (D:1)
  2 frilled lizards
  2 kobolds (D:1)
  A rat (D:1)
20 creatures vanquished.

Notes
Turn   | Place    | Note
-------+----------+-------------------------------------------
     0 | D:1      | experimilk the Deep Elf Arcane Marksman began the quest for
                  | the Orb.
     0 | D:1      | Reached XP level 1. HP: 11/11 MP: 5/5
     7 | D:1      | Noticed an electric eel
   354 | D:1      | Reached skill level 1 in Fighting
   354 | D:1      | Reached XP level 2. HP: 16/16 MP: 6/6
   465 | D:1      | Found Zirigg's Antique Armour Shoppe.
   491 | D:1      | Found a faded altar of an unknown god.
   729 | D:1      | Learned a level 2 spell: Slow
  1437 | D:2      | Found Jezoh's Armour Shoppe.
  1501 | D:2      | Slain by a bullfrog skeleton

Illustrated notes

Levels and vault maps discovered:
D:1:      arrival_aquarium_a, layout_basic, ebering_ecumenical_altar_mist,
          serial_shops, shop, serial_park_tiny_1
D:2:      layout_basic, serial_shops, shop, basic_altar, minmay_fountain_box,
          st_stairs_4, grunt_decor_cap, uniq_natasha

Skill      XL: |  1  2 |
---------------+-------+-----
Bows           | 3 |  3.4
Fighting       | 1 |  1.1
Spellcasting   | 2 |  2.0
Dodging        | |  2.7
Hexes          | |  4.2

Action                   || total
-------------------------++-------
Melee: Dagger            ||     7
 Fire: Shortbow          ||    48
 Cast: Slow              ||     4
       Corona            ||     4
  Use: Scroll            ||     1
 Stab: Sleeping          ||     1
Armor: Leather armour    ||     3
Dodge: Dodged            ||    11

Table legend: (Time is in decaauts)
 A = Elapsed time spent in this place.
 B = Non-inter-level travel time spent in this place.
 C = Inter-level travel time spent in this place.
 D = Time resting spent in this place.
 E = Time spent auto-exploring this place.
 F = Levels seen in this place.
 G = Mean time per level.
                   A        B        C        D        E       F      G
               +--------+--------+--------+--------+--------+-----+--------+
         Total |   1505 |   1472 |     33 |    565 |    214 |   2 |  752.5 |
       Dungeon |   1505 |   1472 |     33 |    565 |    214 |   2 |  752.5 |
               +--------+--------+--------+--------+--------+-----+--------+

Top non-repeatable levels by time:
     D:1: 1408 daAuts
     D:2: 96 daAuts
